 Dungeon Crawl Stone Soup version 0.23.2-1-ga50397a6bc (webtiles) character file.

Game seed: 7575780432898841442

88 MisterOstroum the Vexing (level 4, 0/36 HPs)
             Began as a Hill Orc Enchanter on May 10, 2019.
             Succumbed to a worker ant's poison
             ... on level 4 of the Dungeon.
             The game lasted 00:11:45 (2671 turns).

MisterOstroum the Vexing (Hill Orc Enchanter)       Turns: 2671, Time: 00:11:46

Health: 0/36       AC:  2    Str: 15    XL:     4   Next: 54%
Magic:  0/7        EV: 12    Int: 16    God:
Gold:   80         SH:  0    Dex: 11    Spells: 4/7 levels left

rFire    . . .     SeeInvis .   a - +1 dagger
rCold    . . .     Gourm    .   (no shield)
rNeg     . . .     Faith    .   b - +0 robe
rPois    .         Spirit   .   (no helmet)
rElec    .         Reflect  .   (no cloak)
rCorr    .         Harm     .   (no gloves)
MR       .....                  (no boots)
Stlth    ++........             (no amulet)
HPRegen  0.12/turn              (no ring)
MPRegen  0.10/turn              (no ring)

@: mighty, lethally poisoned (0 -> -8), flying
A: no striking features
a: no special abilities


You were on level 4 of the Dungeon.
You were not hungry.

You visited 1 branch of the dungeon, and saw 4 of its levels.

You collected 80 gold pieces.

Inventory:

Hand Weapons
 a - a +1 dagger (weapon)
Missiles
 i - 68 stones (quivered)
Armour
 b - a +0 robe (worn)
Jewellery
 d - an uncursed ring of magical power {unknown}
 f - a +2 ring of dexterity {unknown}
Scrolls
 c - a scroll of fear {unknown}
 k - 2 scrolls of amnesia {unknown}
 l - 2 scrolls of fog {unknown}
 m - a scroll of teleportation {unknown}
Potions
 j - a potion of haste {unknown}
 o - a potion of invisibility {unknown}
 p - a potion of brilliance {unknown}
Comestibles
 e - 3 rations
 n - a chunk of flesh


   Skills:
 - Level 2.0 Fighting
 - Level 2.0 Short Blades
 - Level 1.5 Dodging
 + Level 2.9 Stealth
 - Level 2.1 Spellcasting
 - Level 3.4 Hexes


You had 4 spell levels left.
You knew the following spells:

 Your Spells              Type           Power        Failure   Level  Hunger
a - Corona                Hex            ##.....      4%          1    #......
b - Ensorcelled Hibernat  Hex/Ice        #.....       16%         2    ###....

Your spell library contained the following spells:

 Spells                   Type           Power        Failure   Level  Hunger
 Confuse                  Hex            ##......     16%         3    ###....
 Tukima's Dance           Hex            ##......     16%         3    ###....
 Dazzling Spray           Conj/Hex       #.....       30%         3    ###....


Dungeon Overview and Level Annotations

Branches:
Dungeon (4/15)
 Temple: D:4-7

Altars:


Message History

Aiming: Ensorcelled Hibernation (safe; 16% risk of failure)
Press: ? - help, Shift-Dir - straight line, f - orc
Aim: an orc, wielding a +0 whip (chance to defeat MR: 56%)
You miscast Ensorcelled Hibernation.
You are very lightly contaminated with residual magic.
Your hands feel numb with cold.
The orc barely misses you.
Casting: Ensorcelled Hibernation (safe; 16% risk of failure)
Confirm with . or Enter, or press ? or * to list all spells.
Aiming: Ensorcelled Hibernation (safe; 16% risk of failure)
Press: ? - help, Shift-Dir - straight line, f/p - orc
Aim: an orc, wielding a +0 whip (chance to defeat MR: 56%)
The orc looks drowsy...
The helpless orc fails to defend itself.
You puncture the orc!
You kill the orc!
You closely miss the worker ant. The worker ant closely misses you.
Press: ? - help, v - describe, . - travel
Here: a worker ant The floor.
You closely miss the worker ant. The worker ant closely misses you.
You hit the worker ant.
The worker ant is lightly wounded.
The worker ant bites you but does no damage.
You hit the worker ant.
The worker ant is moderately wounded.
The worker ant misses you.
You barely miss the worker ant.
The worker ant is moderately wounded.
The worker ant closely misses you.
You hit the worker ant.
The worker ant is heavily wounded.
The worker ant bites you. x2
You hit the worker ant but do no damage.
The worker ant is heavily wounded.
The worker ant bites you!
You are poisoned.
The worker ant poisons you!
You hit the worker ant but do no damage.
The worker ant is heavily wounded.
You feel sick. The worker ant bites you.
You hit the worker ant.
The worker ant is severely wounded.
You feel sick.
The worker ant bites you but does no damage.
It was a potion of heal wounds.
You feel much better. The worker ant barely misses you.
You hit the worker ant.
The worker ant is severely wounded.
You feel sick. The worker ant bites you.
You hit the worker ant.
The worker ant is almost dead.
The worker ant misses you.
You closely miss the worker ant.
The worker ant is almost dead.
You feel sick. The worker ant closely misses you.
You hit the worker ant but do no damage.
The worker ant is almost dead.
The worker ant closely misses you.
You hit the worker ant but do no damage.
The worker ant is severely wounded.
You feel sick. The worker ant misses you.
You hit the worker ant.
The worker ant is almost dead.
The worker ant bites you.
Casting: Ensorcelled Hibernation (safe; 16% risk of failure)
Confirm with . or Enter, or press ? or * to list all spells.
Aiming: Ensorcelled Hibernation (safe; 16% risk of failure)
Press: ? - help, Shift-Dir - straight line, f - worker ant
Aim: a worker ant (almost dead, chance to defeat MR: 48%)
The worker ant resists with some effort.
You feel sick. The worker ant bites you.
You are more poisoned.
The worker ant poisons you! The worker ant bites you.
* * * LOW HITPOINT WARNING * * *
You hit the worker ant.
The worker ant is almost dead.
* * * LOW HITPOINT WARNING * * *
You feel sick. The worker ant barely misses you.
You hit the worker ant but do no damage.
The worker ant is almost dead.
* * * LOW HITPOINT WARNING * * *
You feel sick. The worker ant bites you.
* * * LOW HITPOINT WARNING * * *
It was a potion of might.
You feel very mighty all of a sudden. The worker ant closely misses you.
You puncture the worker ant!
You kill the worker ant!
Training target 2.0 for Spellcasting reached!
Your Spellcasting skill increases to level 2!
* * * LOW HITPOINT WARNING * * *
You feel sick.
Your magical contamination has completely faded away.
* * * LOW HITPOINT WARNING * * *
You feel sick.
Found 21 stones.
It was a potion of flight.
You feel very buoyant.
You fly up into the air.
You die...

#.........#
#.........#
#.........#
.###.........#
.............###
#...>........?
####...).....#
.......@.....##
(.###....†....#
##...<....#
.....!.........
#####.......###
............
###.......###
#.......#
#.......#


There were no monsters in sight!

Vanquished Creatures
  A worker ant (D:4)
  2 adders (D:2)
  3 worms (D:2)
  A dart slug (D:1)
  A leopard gecko (D:2)
  An orc (D:4)
  6 bats
  2 hobgoblins
  6 jackals
  3 frilled lizards (D:1)
  5 goblins
  3 kobolds (D:1)
  2 rats
36 creatures vanquished.

Notes
Turn   | Place    | Note
-------+----------+-------------------------------------------
     0 | D:1      | MisterOstroum the Hill Orc Enchanter began the quest for
                  | the Orb.
     0 | D:1      | Reached XP level 1. HP: 14/14 MP: 3/3
   253 | D:1      | Reached skill level 1 in Fighting
   531 | D:1      | Reached XP level 2. HP: 23/23 MP: 4/4
  1117 | D:1      | Learned a level 2 spell: Ensorcelled Hibernation
  1581 | D:2      | Reached XP level 3. HP: 27/29 MP: 2/5
  2548 | D:2      | Reached XP level 4. HP: 34/36 MP: 1/6
  2630 | D:2      | You fall through a shaft!
  2670 | D:4      | HP: 1/36 [poisoned by a worker ant]
  2671 | D:4      | Succumbed to a worker ant's poison

Skill      XL: |  1  2  3  4 |
---------------+-------------+-----
Fighting       | 1 2 |  2.0
Short Blades   | 2 |  2.0
Spellcasting   | 2 |  2.1
Dodging        | |  1.5
Stealth        | |  2.9
Hexes          | |  3.4

Action                   |  1- 3 |  4- 6 || total
-------------------------+-------+-------++-------
Melee: Dagger            |    96 |    20 ||   116
Throw: Stone             |    42 |       ||    42
 Cast: Corona            |    10 |       ||    10
       Ensorcelled Hiber |    13 |     3 ||    16
  Use: Potion            |       |     3 ||     3
 Stab: Sleeping          |    12 |     2 ||    14
  Eat: Chunk             |     6 |     1 ||     7
Armor: Robe              |    18 |     2 ||    20
Dodge: Dodged            |    64 |    13 ||    77
